 Dungeon Crawl Stone Soup version 0.32-a0-960-g3814254bd7 (webtiles) character file.

Game seed: 3132646637765205195

181 trashops the Chopper (level 5, -2/46 HPs)
             Began as a Mountain Dwarf Fighter on Apr 17, 2024.
             Slain by Grinder (3 damage)
             ... on level 3 of the Dungeon.
             The game lasted 00:04:10 (2232 turns).

trashops the Chopper (Mountain Dwarf Fighter)       Turns: 2232, Time: 00:04:11

Health: -2/46      AC:  8    Str: 19    XL:     5   Next: 34%
Magic:  5/5        EV:  8    Int:  8    God:
Gold:   105        SH:  6    Dex:  9    Spells: 4/4 levels left

rFire   . . .        a - +0 war axe
rCold   . . .        q - +2 buckler {rN+}
rNeg    + . .        b - +0 scale mail
rPois   .            (no helmet)
rElec   .            (no cloak)
rCorr   .            s - +0 pair of gloves
SInv    .            (no boots)
Will    .....        (no amulet) Stlth
                     (no ring)
HPRegen 0.00/turn    (no ring)
MPRegen 0.09/turn

%: no passive effects
@: inhibited regen
A: runic magic, artefact enchanting, inhibited regeneration, weak 1, persistent
drain
a: no special abilities


You were on level 3 of the Dungeon.
You visited 1 branch of the dungeon, and saw 3 of its levels.

You collected 105 gold pieces.

Inventory:

Hand Weapons
 a - a +0 war axe (weapon)
 o - the +6 dagger of Analysis {freeze, rPois Will+}
   (You found it on level 2 of the Dungeon)

   rPois:     It protects you from poison.
   Will+:     It increases your willpower.
Armour
 b - a +0 scale mail (worn)
 c - a +0 buckler
 q - a +2 buckler of positive energy (worn)
 s - a +0 pair of gloves (worn)
Jewellery
 d - a ring of flight
 j - a ring of protection from fire
 k - a ring of magical power
 n - an amulet of faith
Scrolls
 g - a scroll of fog
 i - 4 scrolls of identify
 l - a scroll of poison {unknown}
 m - a scroll of blinking {unknown}
 p - a scroll of torment
 t - a scroll of noise {unknown}
Potions
 e - 2 potions of heal wounds
 f - a potion of haste {unknown}
 h - a potion of magic {unknown}
 r - a potion of lignification {unknown}
 u - a potion of ambrosia {unknown}


   Skills:
 + Level 3.9 Fighting
 * Level 5.3 Axes
 + Level 4.0 Armour
 + Level 3.9 Shields


You had 4 spell levels left.
You didn't know any spells.
Your spell library contained the following spells:

 Spells                   Type           Power      Damage    Failure   Level
 Teleport Other           Tloc           0%         N/A       91%         3
 Alistair's Intoxication  Alch           0%         N/A       100%        5
 Borgnjor's Vile Clutch   Necr/Erth      0%         N/A       100%        5
 Dispersal                Tloc           0%         N/A       100%        6
 Eringya's Noxious Bog    Alch           0%         4d6       100%        6
 Gell's Gavotte           Tloc           0%         2d(11-16) 100%        6


Dungeon Overview and Level Annotations

Branches:
Dungeon (3/15)

Altars:
Ashenzari
Makhleb
The Shining One

Shops:
D:3 [

Annotations:
D:3 2 runed translucent doors, Grinder; MrSquiggles's ghost, weakling MiFi


Innate Abilities, Weirdness & Mutations

Your spellcasting is much less encumbered by armour.
You can use scrolls of enchantment on lesser artefacts.
You do not regenerate when monsters are visible.
You are weak. (Str -2)
Your health recovers twice as slowly from being drained.


Message History

Grinder is lightly wounded.
Grinder closely misses you.
Grinder says, "Mostly I couldn't keep them alive."
Grinder hits you!
You writhe in agony.
You closely miss Grinder. Grinder hits you.
You closely miss Grinder. Grinder misses you.
You barely miss Grinder. Grinder hits you but does no damage.
You closely miss Grinder. Grinder hits you! Grinder hits you.
You writhe in agony.
You closely miss Grinder. Grinder gestures at you.
Pain shoots through your body!
* * * LOW HITPOINT WARNING * * *
You barely miss Grinder.
Grinder blinks!
Grinder says, "There's only one good use for a tongue: cutting it out."
You aren't carrying any items that you can evoke.
Grinder hits you but does no damage.
You hit Grinder.
Grinder is lightly wounded.
Grinder barely misses you.
You barely miss Grinder.
Grinder is lightly wounded.
You block Grinder's attack. Grinder hits you!
* * * LOW HITPOINT WARNING * * *
You writhe in agony.
* * * LOW HITPOINT WARNING * * *
You hit Grinder.
Grinder is lightly wounded.
You block Grinder's attack.
You closely miss Grinder.
Grinder is lightly wounded.
Grinder hits you but does no damage.
You hit Grinder but do no damage.
Grinder is lightly wounded.
Grinder hits you but does no damage.
You barely miss Grinder.
Grinder is lightly wounded.
You block Grinder's attack. Grinder hits you.
You die...
Grinder says, "Now the real fun starts!"

##.#.......##.########..........
#.....(...##.# #####.#...###.
##........##.## #.......### #.
#####........#..####.##..### ##
..#####.#######.#.)..##.## # ...#
#.# ##...###...# # .⌠.## #.#
#∩..## #...# ## ..).# #.# ##..#
#...# ###. ....###.# ###.@# #...#
###... ⌠...'...# #...5######.##
#..... ....#..### #............#
#.#.## ....##...# #.....####.#.#
#.#.# .⌠.##....#
#.......##.#.###...# ...#.....#
#.###..............##
..##.....####.#####..........÷...
###.............<.............<..
..............############...##..


You could see Grinder.

Vanquished Creatures
  A bombardier beetle (D:3)
  A jelly (D:3)
  Terence (D:2)
  3 adders
  2 dart slugs
  2 orcs (D:3)
  5 bats
  9 endoplasms
  4 giant cockroaches
  5 goblins
  3 hobgoblins
  4 kobolds
  3 quokkas (D:2)
  A ball python (D:3)
  4 frilled lizards
  3 rats
51 creatures vanquished.

Notes
Turn   | Place    | Note
-------+----------+-------------------------------------------
     0 | D:1      | trashops the Mountain Dwarf Fighter began the quest for the
                  | Orb.
     0 | D:1      | Reached XP level 1. HP: 19/19 MP: 1/1
   128 | D:1      | Reached XP level 2. HP: 21/26 MP: 2/2
   860 | D:2      | Reached skill level 3 in Axes
   940 | D:2      | Reached XP level 3. HP: 28/31 MP: 3/3
   961 | D:2      | Identified the +6 dagger of Analysis {freeze, rPois Will+}
  1180 | D:2      | Noticed Terence
  1186 | D:2      | Killed Terence
  1187 | D:2      | Reached XP level 4. HP: 39/40 MP: 4/4
  1188 | D:2      | Reached skill level 4 in Axes
  1478 | D:2      | Gained mutation: You are weak. (Str -2) [potion of
                  | mutation]
  1478 | D:2      | Gained mutation: Your health recovers twice as slowly from
                  | being drained. [potion of mutation]
  1478 | D:2      | Gained mutation: You do not regenerate when monsters are
                  | visible. [potion of mutation]
  1819 | D:3      | Found a large runed translucent door.
  1819 | D:3      | Found a large runed translucent door.
  1855 | D:3      | Found Razu's Antique Armour Boutique.
  1904 | D:3      | Found a glowing golden altar of the Shining One.
  1904 | D:3      | Found a burning altar of Makhleb.
  1911 | D:3      | Reached XP level 5. HP: 40/46 MP: 5/5
  1979 | D:3      | Found a broken altar of Ashenzari.
  1979 | D:3      | Noticed Grinder
  2056 | D:3      | Noticed MrSquiggles's ghost (weakling MiFi)
  2073 | D:3      | Reached skill level 5 in Axes
  2212 | D:3      | Paralysed by Grinder for 5 turns
  2228 | D:3      | HP: 1/46 [Grinder (3)]
  2232 | D:3      | Slain by Grinder

Illustrated notes

Levels and vault maps discovered:
D:1:      lemuel_arrival_funnel, layout_loops_ring, glass_columns_b
D:2:      layout_basic, uniq_terence
D:3:      layout_rooms, lemuel_tele_altar, gammafunk_temple_overflow_pools,
          ebering_ghost_disaster_area, serial_shops,
          nicolae_shop_just_a_little_nook, uniq_grinder

Skill      XL: |  1  2  3  4  5 |
---------------+----------------+-----
Axes           | 3 4 5 |  5.3
Armour         | 4 |  4.0
Fighting       | |  3.9
Shields        | |  3.9

Action                     |  1- 3 |  4- 6 || total
---------------------------+-------+-------++-------
  Melee: War axe           |    88 |    77 ||   165
    Use: Potion            |     1 |     5 ||     6
         Scroll            |       |     4 ||     4
 Armour: Scale mail        |    47 |    43 ||    90
  Dodge: Dodged            |    42 |    28 ||    70
  Block: Buckler           |    24 |    26 ||    50

Table legend: (Time is in decaauts)
 A = Elapsed time spent in this place.
 B = Non-inter-level travel time spent in this place.
 C = Inter-level travel time spent in this place.
 D = Time resting spent in this place.
 E = Time spent auto-exploring this place.
 F = Levels seen in this place.
 G = Mean time per level.
                   A        B        C        D        E       F      G
               +--------+--------+--------+--------+--------+-----+--------+
         Total |   2289 |   2255 |     34 |     98 |   1643 |   3 |  763.0 |
       Dungeon |   2289 |   2255 |     34 |     98 |   1643 |   3 |  763.0 |
               +--------+--------+--------+--------+--------+-----+--------+

Top non-repeatable levels by time:
     D:2: 918 daAuts
     D:3: 725 daAuts
     D:1: 645 daAuts
